 Dungeon Crawl Stone Soup version 0.28-a0-1202-g1e6f1b2279 (webtiles) character file.

Game seed: 6490467453341421675

30 Grim the Bolt Thrower (level 3, 20/20 HPs)
             Began as a Kobold Arcane Marksman on Dec 20, 2021.
             Quit the game on level 2 of the Dungeon.
             The game lasted 00:02:42 (2123 turns).

Grim the Bolt Thrower (Kobold Arcane Marksman)      Turns: 2123, Time: 00:02:43

Health: 20/20      AC:  2    Str:  7    XL:     3   Next: 35%
Magic:  4/4        EV: 15    Int: 16    God:
Gold:   42         SH:  0    Dex: 15    Spells: 3/4 levels left

rFire   . . .      SeeInvis .   a - +0 hand crossbow
rCold   . . .      Faith    .   (shield restricted)
rNeg    . . .      Spirit   .   d - +0 robe
rPois   .          Reflect  .   (no helmet)
rElec   .          Harm     .   (no cloak)
rCorr   .          Rampage  .   (no gloves)
Will    .....                   (no boots)
Stlth   ++........              (no amulet)
HPRegen 0.06/turn               (no ring)
MPRegen 0.09/turn               (no ring)

@: no status effects
A: small, no large weapons, nightstalker 3
a: no special abilities


You were on level 2 of the Dungeon.
You visited 1 branch of the dungeon, and saw 2 of its levels.

You collected 42 gold pieces.

Inventory:

Hand Weapons
 a - a +0 hand crossbow (weapon)
Missiles
 c - 22 bolts (quivered ammo)
 k - a throwing net
Armour
 d - a +0 robe (worn)
Jewellery
 g - a ring of wizardry
Scrolls
 b - a scroll of blinking {unknown}
 f - 3 scrolls of teleportation {unknown}
 i - a scroll of amnesia {unknown}
Potions
 e - 2 potions of curing {unknown}
 h - a potion of heal wounds {unknown}
 j - a potion of mutation {unknown}
 l - a potion of lignification {unknown}


   Skills:
 - Level 1.1 Fighting
 * Level 3.9 Crossbows
 - Level 2.4 Dodging
 + Level 0.1 Stealth
 - Level 1.1 Spellcasting
 + Level 3.3 Hexes


You had 3 spell levels left.
You knew the following spells:

 Your Spells              Type           Power      Damage    Failure   Level
a - Slow                  Hex            44%        N/A       6%          1

Your spell library contained the following spells:

 Spells                   Type           Power      Damage    Failure   Level
 Inner Flame              Hex/Fire       6%         N/A       34%         3
 Portal Projectile        Hex/Tloc       12%        N/A       34%         3
 Cause Fear               Hex            5%         N/A       50%         4


Dungeon Overview and Level Annotations

Branches:
Dungeon (2/15)

Altars:


Innate Abilities, Weirdness & Mutations

You are small and have problems with some larger weapons.
You are completely attuned to the shadows.


Message History

Casting: Slow (safe; 6% risk of failure)
Confirm with . or Enter, or press ? or * to list all spells.
Aiming: Slow (safe; 6% risk of failure)
Press: ? - help, Shift-Dir - straight line, f/p - hobgoblin
Aim: a hobgoblin (lightly wounded, chance to affect: 64%)
The hobgoblin struggles to resist.
The hobgoblin completely misses you.
Casting: Slow (safe; 6% risk of failure)
Confirm with . or Enter, or press ? or * to list all spells.
Aiming: Slow (safe; 6% risk of failure)
Press: ? - help, Shift-Dir - straight line, f/p - hobgoblin
Aim: a hobgoblin (lightly wounded, chance to affect: 64%)
The hobgoblin seems to slow down.
The hobgoblin misses you.
You shoot a bolt. The bolt hits the hobgoblin!
You kill the hobgoblin!
You start resting.
Magic restored.
You start waiting.
A quokka comes into view.
You shoot a bolt. The bolt hits the quokka!
You kill the quokka!
c - 23 bolts (gained 1)
You see here a quokka corpse.
l - a lumpy yellow potion You now have 35 gold pieces (gained 30).
You see here a hobgoblin corpse.
You now have 42 gold pieces (gained 7).
c - 24 bolts (gained 1)
c - 25 bolts (gained 1)
c - 26 bolts (gained 1)
Found 24 arrows.
A bat comes into view.
The bat moves out of view.
A bat is nearby!
You shoot a bolt.
The bolt hits the bat but does no damage.
The bat hits you but does no damage.
You shoot a bolt. The bolt misses the bat.
The bat hits you but does no damage.
You shoot a bolt. The bolt barely misses the bat.
The bat closely misses you.
You shoot a bolt. The bolt closely misses the bat.
The bat misses you.
Are you sure you want to abandon this character and quit the game? (Confirm with "yes".)

..................#
.#................##
#.................#
............(.....#
##(...........#
(.#..........#
#............#
.##b##.........#
....@..........#
...............#
...............#
...............#
..............##
............##
..###...## #...#
#...#


You could see a bat.

Vanquished Creatures
  An adder (D:1)
  A dart slug (D:1)
  2 endoplasms
  2 giant cockroaches
  A goblin (D:1)
  5 hobgoblins
  A quokka (D:2)
  2 frilled lizards (D:1)
  2 rats
17 creatures vanquished.

Notes
Turn   | Place    | Note
-------+----------+-------------------------------------------
     0 | D:1      | Grim the Kobold Arcane Marksman began the quest for the
                  | Orb.
     0 | D:1      | Reached XP level 1. HP: 12/12 MP: 2/2
   924 | D:1      | Reached XP level 2. HP: 16/16 MP: 3/3
  1384 | D:1      | Reached XP level 3. HP: 8/20 MP: 2/4
  2123 | D:2      | Quit the game

Illustrated notes

Levels and vault maps discovered:
D:1:      minmay_arrival_hallway, layout_loops_corners, minivault_19
D:2:      layout_rooms, serial_shops, nicolae_shop_crystal, uniq_jessica

Skill      XL: |  1 |
---------------+----+-----
Crossbows      | 3 |  3.9
Fighting       | |  1.1
Dodging        | |  2.4
Stealth        | |  0.1
Spellcasting   | |  1.1
Hexes          | |  3.3

Action                   || total
-------------------------++-------
Melee: Unarmed           ||     2
 Fire: Hand crossbow     ||    62
 Cast: Slow              ||    16
Armor: Robe              ||     6
Dodge: Dodged            ||    37

Table legend: (Time is in decaauts)
 A = Elapsed time spent in this place.
 B = Non-inter-level travel time spent in this place.
 C = Inter-level travel time spent in this place.
 D = Time resting spent in this place.
 E = Time spent auto-exploring this place.
 F = Levels seen in this place.
 G = Mean time per level.
                   A        B        C        D        E       F      G
               +--------+--------+--------+--------+--------+-----+--------+
         Total |   2144 |   2085 |     59 |    838 |   1042 |   2 | 1072.0 |
       Dungeon |   2144 |   2085 |     59 |    838 |   1042 |   2 | 1072.0 |
               +--------+--------+--------+--------+--------+-----+--------+

Top non-repeatable levels by time:
     D:1: 1524 daAuts
     D:2: 619 daAuts
